 Dungeon Crawl Stone Soup version 0.25-a0-435-g4b9beb1024 (webtiles) character file.

Game seed: 12770289220748787255, levelgen mode: deterministic

66 Laukis the Ruffian (level 3, -4/28 HPs)
             Began as a Draconian Transmuter on Jan 26, 2020.
             Splashed by a jelly's acid (5 damage)
             ... on level 1 of the Dungeon.
             The game lasted 00:04:00 (1724 turns).

Laukis the Ruffian (Draconian Transmuter)           Turns: 1724, Time: 00:04:00

Health: -4/28      AC:  5    Str: 12    XL:     3   Next: 96%
Magic:  7/7        EV: 12    Int: 14    God:
Gold:   87         SH:  0    Dex: 11    Spells: 6/7 levels left

rFire    . . .     SeeInvis .     - Unarmed
rCold    . . .     Gourm    .   (no shield)
rNeg     . . .     Faith    .   (armour unavailable)
rPois    .         Spirit   .   (helmet restricted)
rElec    .         Reflect  .   (no cloak)
rCorr    .         Harm     .   (no gloves)
MR       .....                  (no boots)
Stlth    +.........             (no amulet)
HPRegen  0.09/turn              (no ring)
MPRegen  0.10/turn              (no ring)

@: no status effects
A: unfitting armour, cold-blooded, AC +5
a: no special abilities


You were on level 1 of the Dungeon.
You were not hungry.

You visited 1 branch of the dungeon, and saw 2 of its levels.

You collected 87 gold pieces.

Inventory:

Missiles
 a - 31 arrows
Scrolls
 f - a scroll of enchant armour
Potions
 d - 2 potions of ambrosia {unknown}
 e - a potion of degeneration {unknown}
 g - a potion of heal wounds {unknown}
 h - a potion of curing {unknown}
 i - a potion of brilliance {unknown}
Comestibles
 b - 10 chunks of flesh
 c - 7 rations


   Skills:
 - Level 1.1 Fighting
 - Level 1.7 Dodging
 + Level 3.7 Unarmed Combat
 + Level 2.8 Spellcasting
 + Level 2.9 Transmutations


You had 6 spell levels left.
You knew the following spells:

 Your Spells              Type           Power        Failure   Level  Hunger
a - Beastly Appendage     Tmut           ##....       7%          1    #......

Your spell library contained the following spells:

 Spells                   Type           Power        Failure   Level  Hunger
 Sticks to Snakes         Tmut           ##......     10%         2    ###....
 Spider Form              Tmut/Pois      #.........   34%         3    ###....
 Ice Form                 Ice/Tmut       #.......     75%         4    #####..
 Blade Hands              Tmut           ##........   88%         5    ######.


Dungeon Overview and Level Annotations

Branches:
Dungeon (2/15)

Altars:
Gozag
Okawaru


Innate Abilities, Weirdness & Mutations

Your plain brown scales are hard. (AC +5)
You cannot fit into any form of body armour.
You are cold-blooded and may be slowed by cold attacks.


Message History

Your transformation is almost over.
There is a stone staircase leading up here.
The jelly hits you but does no damage.
You climb upwards.
There is a stone staircase leading down here.
Your horns disappear.
You see here a stone.
The jelly jiggles.
The jelly hits you.
You are splashed with acid.
* * * LOW HITPOINT WARNING * * *
As you read the scroll labeled WIWIEB VUOSE, it crumbles to dust.
It is a scroll of enchant armour.
You aren't carrying any armour which can be enchanted further.
The jelly barely misses you.
You punch the jelly!
Your hands burn!
* * * LOW HITPOINT WARNING * * *
The jelly is heavily wounded.
The jelly hits you but does no damage.
You hit the jelly.
Your hands burn!
You die...

####'#######..#............#.#
...#.#.....)..#..######.##.#.#
##.#'#..##.#.[#..# #.####.#
........#..#..#..#### #......#
....#......#..#.....# ########
..#.##(.####..##.##.#
..#.##..............#
..#.##..#####.##J#..#
..#.##..........@#..#
....##......#.#.....###
..######.#.#...)......#
...#####...+..........#
...........#..........#
##.#####..............# ...#
#.#.#..........#
##.#####(#.#..........#
......(..#.#..........#


You could see a jelly.

Vanquished Creatures
  An adder (D:2)
  2 worms (D:2)
  A leopard gecko (D:2)
  A giant cockroach (D:1)
  10 goblins
  4 hobgoblins
  6 jackals (D:1)
  7 bats
  3 frilled lizards (D:1)
  7 kobolds
  7 rats
49 creatures vanquished.

Notes
Turn   | Place    | Note
-------+----------+-------------------------------------------
     0 | D:1      | Laukis the Draconian Transmuter began the quest for the
                  | Orb.
     0 | D:1      | Reached XP level 1. HP: 16/16 MP: 3/3
   205 | D:1      | Reached XP level 2. HP: 13/23 MP: 3/5
   690 | D:1      | Reached XP level 3. HP: 24/28 MP: 4/6
  1035 | D:2      | Found an opulent altar of Gozag.
  1586 | D:2      | Found a faded altar of an unknown god.
  1595 | D:2      | Found an iron altar of Okawaru.
  1723 | D:1      | HP: 1/28 [acid (2)]
  1724 | D:1      | Splashed by a jelly's acid

Levels and vault maps discovered:
D:1:      matt_arrival_los_fun, layout_basic
D:2:      layout_basic, grunt_gozag_breadcrumbs, lemuel_doored_altar,
          lemuel_coloured_pillars_altar, chequers_ecumenical_altar_simple_redux,
          chequers_serial_rivers_marsh

Action                   || total
-------------------------++-------
Melee: Unarmed           ||   180
       Tailslap          ||    21
       Kick              ||     7
       Headbutt          ||     8
 Cast: Beastly Appendage ||     7
  Use: Scroll            ||     1
 Stab: Sleeping          ||     1
  Eat: Chunk             ||     3
Armor: Skin              ||    86
Dodge: Dodged            ||   132

Table legend:
 A = Non-vault XP
 B = Vault XP
 C = Vault XP percentage of total XP
 D = Non-vault monster count
 E = Vault monster count
 F = Vault count percentage of total count
                 A         B        C        D         E       F
            +---------+---------+-------+---------+---------+-------
      Total |      95 |       0 |   0.0 |      49 |       0 |   0.0
            +---------+---------+-------+---------+---------+-------
        D:1 |      49 |       0 |   0.0 |      32 |       0 |   0.0
        D:2 |      46 |       0 |   0.0 |      17 |       0 |   0.0
            +---------+---------+-------+---------+---------+-------
